 Dungeon Crawl Stone Soup version 0.27.0-1-g7a089689b8 (webtiles) character file.

Game seed: 4804446483081050649

101 loansindi the Conjurer (level 5, 0/35 HPs)
             Began as a Human Conjurer on Aug 17, 2021.
             Slain by an ogre (6 damage)
             ... on level 3 of the Dungeon.
             The game lasted 00:09:50 (2283 turns).

loansindi the Conjurer (Human Conjurer)             Turns: 2283, Time: 00:09:50

Health: 0/35       AC:  3    Str:  8    XL:     5   Next: 4%
Magic:  0/9        EV: 12    Int: 19    God:
Gold:   105        SH:  0    Dex: 11    Spells: 8/9 levels left

rFire    x . .     SeeInvis .   i - +1 whip (drain)
rCold    + . .     Faith    .   (no shield)
rNeg     . . .     Spirit   +   a - +1 robe
rPois    .         Reflect  .   (no helmet)
rElec    .         Harm     .   (no cloak)
rCorr    .         Rampage  .   (no gloves)
Will     .....                  (no boots)
Stlth    ++........             e - amulet of guardian spirit
HPRegen  0.11/turn              r - ring of ice
MPRegen  0.11/turn              (no ring)

@: no status effects
A: no striking features
a: no special abilities


You were on level 3 of the Dungeon.
You visited 1 branch of the dungeon, and saw 3 of its levels.

You collected 105 gold pieces.

Inventory:

Hand Weapons
 h - a +0 mace of holy wrath
 i - a +1 whip of draining (weapon)
 j - a +0 hunting sling
Missiles
 b - 50 arrows
 c - 48 stones
 f - 53 sling bullets
 g - 17 poisoned darts
Armour
 a - a +1 robe (worn)
 d - a +0 robe
 k - a +0 scale mail
Jewellery
 e - an amulet of guardian spirit (around neck)
 r - a ring of ice (left hand)
Wands
 m - a wand of paralysis (8)
Potions
 l - a potion of brilliance {unknown}
 n - a potion of attraction {unknown}
 o - a potion of heal wounds {unknown}
 p - a potion of curing {unknown}


   Skills:
 + Level 0.1 Maces & Flails
 + Level 2.3 Dodging
 + Level 2.3 Stealth
 + Level 2.6 Spellcasting
 + Level 5.2 Conjurations


You had 8 spell levels left.
You knew the following spells:

 Your Spells              Type           Power      Damage    Failure   Level
a - Magic Dart            Conj           88%        1d7       1%          1

Your spell library contained the following spells:

 Spells                   Type           Power      Damage    Failure   Level
 Searing Ray              Conj           44%        3d4       2%          2
 Dazzling Flash           Conj/Hex       24%        N/A       16%         3
 Fulminant Prism          Conj/Hex       6%         3d7       47%         4
 Iskenderun's Mystic Bla  Conj/Tloc      12%        2d5       47%         4
 Petrify                  Tmut/Erth      2%         N/A       83%         4
 Metabolic Englaciation   Hex/Ice        1%         N/A       99%         5
 Statue Form              Tmut/Erth      1%         N/A       100%        6


Dungeon Overview and Level Annotations

Branches:
Dungeon (3/15)

Altars:


Message History

The magic dart hits the quokka.
You kill the quokka!
You open the door.
Found a robe.
There is an open door here.
You see here a +0 robe.
As you open the door, it creaks loudly!
Found a stone staircase leading up.
An ogre and a dart slug come into view.
Found a stone staircase leading down.
The magic dart hits the ogre.
The ogre is lightly wounded.
The ogre shouts!
The magic dart hits the ogre.
The ogre is lightly wounded.
The magic dart hits the ogre.
The ogre is moderately wounded.
The dart slug launches a dart at you. The slug dart hits you.
The magic dart hits the dart slug.
The dart slug is lightly wounded.
The magic dart hits the ogre.
The ogre is heavily wounded.
The magic dart hits the ogre.
The ogre is heavily wounded.
The ogre closely misses you.
The magic dart hits the ogre!
The ogre is almost dead.
The ogre hits you with a +0 giant spiked club!!
Ouch! That really hurt!
* * * LOW HITPOINT WARNING * * *
Aiming: Paralyse
Press: ? - help, Shift-Dir - straight line, f/p - ogre
Aim: an ogre, wielding a +0 giant spiked club (almost dead, chance to affect: 46%)
The ogre resists with some effort.
The ogre misses you.
You are too injured to fight recklessly!
As you read the scroll labelled HARCHO WARGHANNY, it crumbles to dust.
You feel aware of your surroundings.
It was a scroll of magic mapping.
The ogre hits you with a +0 giant spiked club!
You die...

##.# #.......#
...######[......########**
........'..............,,* ******
...######...........<##*,* *,,,,*
..## #####'#...#......#*,* *,**,*
...# #.....#.#....###.##,* *,**,*
#..# #.#####.#.........#,* *,,,,*
...# #.##..............#,* *,,,,*
.#.###.##[#####.@O..w..#,***,**,*
......).....................>,,,*
...#....#....###.#####...###.****
.............#...# *.#.#**,****
......<.##.#.#.### *.#...,,,,,,
....#......#...* *.#,.##,,,,*
...........#.### *.#,,#,,,*,*
...##.†....#.# *..,,,,,,*,,
....#......#,* ****,*,,,***


You could see an ogre and a dart slug.

Vanquished Creatures
  An orc wizard (D:2)
  A worm (D:2)
  6 dart slugs
  3 orcs (D:2)
  4 ball pythons
  4 endoplasms
  5 giant cockroaches
  7 goblins
  2 hobgoblins
  A jackal (D:2)
  4 kobolds
  A quokka (D:3)
  8 bats
  4 frilled lizards
  3 rats (D:1)
54 creatures vanquished.

Notes
Turn   | Place    | Note
-------+----------+-------------------------------------------
     0 | D:1      | loansindi the Human Conjurer began the quest for the Orb.
     0 | D:1      | Reached XP level 1. HP: 13/13 MP: 3/3
   202 | D:1      | Reached XP level 2. HP: 19/19 MP: 0/5
   413 | D:1      | Found a faded altar of an unknown god.
   523 | D:1      | Reached XP level 3. HP: 20/24 MP: 0/6
  1135 | D:2      | Reached skill level 5 in Conjurations
  1135 | D:2      | Reached XP level 4. HP: 22/30 MP: 0/7
  2104 | D:3      | Reached XP level 5. HP: 30/35 MP: 1/9
  2269 | D:3      | Noticed an ogre
  2283 | D:3      | Slain by an ogre

Illustrated notes

Levels and vault maps discovered:
D:1:      sevenhm_arrival_forest_fort_small_3, layout_basic,
          hellmonk_ecumenical_altar_blasted
D:2:      layout_basic, minmay_octomino_e4
D:3:      layout_basic, uniq_crazy_yiuf_cottage

Skill      XL: |  1  2  3 |
---------------+----------+-----
Conjurations   | 5 |  5.2
Maces & Flails | |  0.1
Dodging        | |  2.3
Stealth        | |  2.3
Spellcasting   | |  2.6

Action                   |  1- 3 |  4- 6 || total
-------------------------+-------+-------++-------
Melee: Unarmed           |     1 |       ||     1
       Whip              |     7 |     5 ||    12
 Cast: Magic Dart        |    56 |    61 ||   117
Evoke: Wand              |       |     1 ||     1
  Use: Potion            |     1 |     1 ||     2
       Scroll            |       |     3 ||     3
Armor: Robe              |     6 |     1 ||     7
Dodge: Dodged            |    15 |    11 ||    26
